← All builds
Tech / Armada / Economy first / OBSERVED BUILD

Standard tech

Armada Tech (Eco) build order · Supreme Isthmus

Rushes T2 factory and Advanced Metal Extractor while sending the first T2 constructor to Geo, scaling team eco and mex upgrades through the full 15 minutes.

Usually first T2 con to Geo (84%)

#eco #t2 #team support · 901 distinct matches · 120 players · 60% of Armada Tech games · team won 53% of 1034 · Recently observed

HOW TO PLAY IT

Key timing: T2 factory by 4:15

  1. Open mex and wind, start bot lab right away.
  2. Get bot lab up and begin feeding early cons.
  3. Start advanced bot lab to rush T2 factory.
  4. Finish T2 factory and push advanced metal extractor by 5:29.
  5. Build Citadel, Platypus and Umbrella as anti-nuke defence transition.

Phase by phase

TYPICAL OF ITS 901 GAMES
  1. 1
  2. 2
  3. 3
  4. 4
PLAY THE OPENING

Follow the example game's first 6:00 step by step: what to build now, what comes next, and where it goes. At 1× it keeps pace with your own game.

  1. 1

    Up to the Bot Lab

    Economy
    • Metal Extractor3Mex
    • Wind Turbine4Wind
    Order
    1. Bot LabBot Lab after 3 mex, 4 winddone ~1:17, middle half 1:13–1:31

    By 1:01 in all: 3 mex · 4 wind

    The example game in this phase · 3 steps
    1. Mex ×3
    2. Wind ×3
    3. Bot LabBot Labdone 1:08 · typical 1:17
  2. 2

    Bot Lab to Advanced Bot Lab

    Economy
    • Metal Extractor1Mex
    • Wind Turbine8Wind
    • Energy Storage1Energy storage
    Order
    1. Advanced Bot LabAdvanced Bot Lab after 4 mex, 12 wind, 3 con turretdone ~4:15, middle half 4:04–4:28
    Builders
    • Construction Turret3 Con turret
    • Lazarus3 Lazarus
    • Construction Bot2 Con bot
    • Construction Bot1 Con bot for allies

    Some games also: converter (35%)

    By 3:19 in all: 4 mex · 12 wind · 1 energy storage · 3 con turret

    The example game in this phase · 13 steps
    1. Construction BotCon bot
    2. LazarusLazarus
    3. Wind ×2
    4. LazarusLazarus
    5. Mex
    6. LazarusLazarus
    7. Construction BotCon botfor Air
    8. LazarusLazarus
    9. Con turret
    10. Energy storage
    11. Con turret
    12. Wind ×4
    13. Advanced Bot LabAdvanced Bot Labdone 3:52 · typical 4:15
  3. 3

    Advanced Bot Lab to 5:00

    Economy
    • Wind Turbine2Wind
    Order
    1. Bot LabEat Bot Lab
    Builders
    • Advanced Construction Bot1 T2 con bot for allies

    Some games also: converter (35%)

    By 5:00 in all: 4 mex · 15 wind · 2 converter · 1 energy storage · 3 con turret

    The example game in this phase · 5 steps
    1. Wind ×2
    2. Bot LabEat Bot Labreclaimed for its metal
    3. Advanced Construction BotT2 con bot ×2for Geo
    4. Advanced Metal ExtractorT2 mexdone 5:01 · typical 5:29
    5. GunslingerGunslingerfor Suicide frontdone 5:34
  4. 4

    5:00 to 10:00

    Economy
    • Wind Turbine44Wind
    • Energy Converter6Converter
    Builders
    • Butler8 Butler
    • Advanced Construction Bot4 T2 con bot for allies
    • Advanced Construction Bot1 T2 con bot

    Some games also: con turret (49%) · Butler for allies (37%)

    By 10:00 in all: 4 mex · 59 wind · 8 converter · 1 energy storage · 3 con turret

    The example game in this phase · 147 steps
    1. Wind
    2. Advanced Construction BotT2 con botfor Suicide front
    3. Wind
    4. Converter ×2
    5. Advanced Metal ExtractorT2 mex ×2
    6. Advanced Construction BotT2 con botfor Geo sea
    7. Wind ×4
    8. ButlerButler
    9. Wind ×2
    10. Advanced Metal ExtractorT2 mex
    11. Advanced Construction BotT2 con botfor Pond
    12. Wind ×2
    13. Advanced Construction BotT2 con botfor Pond
    14. Wind ×2
    15. ButlerButler
    16. Wind ×3
    17. ButlerButler
    18. Wind
    19. ButlerButler
    20. Wind ×3
    21. ButlerButler
    22. Wind
    23. ButlerButler
    24. Wind
    25. PlatypusPlatypus
    26. Wind ×2
    27. PlatypusPlatypus
    28. Wind ×2
    29. PlatypusPlatypus
    30. Wind ×2
    31. Converter
    32. PlatypusPlatypus
    33. Wind
    34. Converter
    35. Wind
    36. PlatypusPlatypus
    37. Converter
    38. Wind ×2
    39. Converter
    40. PlatypusPlatypus
    41. Wind ×2
    42. Converter
    43. PlatypusPlatypus
    44. Wind
    45. Converter
    46. Wind
    47. PlatypusPlatypus
    48. Converter
    49. Wind
    50. PlatypusPlatypus
    51. Converter
    52. Wind ×2
    53. PlatypusPlatypus
    54. Converter
    55. Wind
    56. TumbleweedRolling bomb
    57. Converter
    58. Wind ×2
    59. TumbleweedRolling bomb
    60. Wind
    61. Converter
    62. Wind
    63. TumbleweedRolling bomb
    64. Wind ×2
    65. Converter
    66. TumbleweedRolling bomb
    67. Wind
    68. Converter
    69. Wind
    70. TumbleweedRolling bomb
    71. Wind
    72. Converter
    73. Wind
    74. Converter
    75. Wind
    76. UmbrellaAnti-nukedone 12:19
    77. Con turret
    78. Converter
    79. Wind ×2
    80. Converter
    81. Wind
    82. Con turret
    83. Converter
    84. Wind ×2
    85. Converter
    86. Wind
    87. Converter
    88. Wind ×2
    89. Converter
    90. Wind
    91. Converter
    92. Wind
    93. Advanced Construction BotT2 con bot
    94. Wind
    95. Converter
    96. Wind ×2
    97. JunoJuno
    98. Converter
    99. Fusion ReactorFusiondone 13:48
    100. Wind
    101. Converter
    102. Wind
    103. Converter
    104. Wind ×2
    105. Converter
    106. Wind ×6
    107. Converter
    108. Wind ×2
    109. Converter
    110. Wind
    111. Converter
    112. Wind ×2
    113. Converter
    114. Wind
    115. Converter
    116. Wind
    117. Con turret
    118. Fusion ReactorFusion
    119. Wind
    120. Converter
    121. Wind
    122. Con turret
    123. Converter
    124. Wind ×2
    125. Converter
    126. Wind
    127. Converter
    128. Wind ×2
    129. Converter
    130. Wind
    131. Advanced Bot LabEat Advanced Bot Labreclaimed for its metal
    132. Con turret
    133. Converter
    134. Wind
    135. Con turret
    136. Wind
    137. Converter
    138. Con turret
    139. Wind
    140. Con turret
    141. Converter
    142. Wind ×2
    143. Converter
    144. Wind ×2
    145. Converter
    146. Wind
    147. Converter

Counts are medians over the build's games: half of them build more, half fewer. The example game is 0neTw0's (41 OS, 07/10/2026); pick another.

Team trades

IN AT LEAST 30% OF ITS GAMES

You hand over

  • Construction Bot1 Con bot to Airfirst at 2:22 · in 87% of games
  • Advanced Construction Bot5 T2 con bot to Air or Geo sea or Pondfirst at 4:48 · in 99% of games
  • Sharpshooter2 Sniper bot to Pondfirst at 5:23 · in 32% of games
  • Butler2 Butler to Geo sea or Beach sea or Pondfirst at 9:05 · in 42% of games

You get

  • Hercules1 Light transport from Airfirst at 4:00 · in 85% of games

How it plays out

Typical game of this build, running totals by minute

Metal produced

020k40k
0:005:0010:0015:00

metal

Enemy metal destroyed

0100200300
0:005:0010:0015:00

metal

Own metal lost

0100200300
0:005:0010:0015:00

metal

1034 games.

Show as table
ByMetal produced: This buildEnemy metal destroyed: This buildOwn metal lost: This build
1:0038300
2:0091600
3:00164500
4:00316200
5:00486400
6:00580800
7:00723600
8:00911000
9:001125000
10:001358800
11:001643300
12:001999100
13:002375900
14:00276067381
15:0031704295204
WHAT THE NUMBERS SAY

This is the role's textbook T2 rush, posting the highest metal production of any build shown (31617 by 15:00) with almost no early losses.

  • + T2 factory done by 4:15 in 97% of games, extremely consistent.
  • + Own metal lost is only 228 by 15:00, near untouched economy.
  • − Team win rate is the lowest of all builds shown at 53%, fast eco alone doesn't decide games.
THE EXAMPLE YOU ARE READING

0neTw0

41.0 OS · 07/10/2026

Open source match ↗

2 received units
1403 metal received · 102026 energy received

Allied construction assistance is unknown. Timings are observations, not a promise of solo reproducibility.

Typical milestones

Bot Lab1:17Middle 50%: 1:13–1:31 · n=1034
Advanced Bot Lab4:15Middle 50%: 4:04–4:28 · n=1028
Advanced Metal Extractor5:29Middle 50%: 5:06–5:59 · n=1032

Played most by

Amrissa100games of this buildKOT_45games of this buildSyphos42games of this buildAdeus39games of this buildWashedGamuer39games of this build